[Event "Turkish Super League 2019"]
[Site "Konya"]
[Date "2019.07.18"]
[Round "2"]
[White "Gadimbayli, Abdulla"]
[Black "Visakh N R"]
[Result "1/2-1/2"]
[ECO "C43"]
[WhiteElo "2414"]
[BlackElo "2526"]
[Annotator "ChessBase"]
[PlyCount "78"]
[EventDate "2019.07.17"]
[EventType "team-tourn"]
[EventCountry "TUR"]
[SourceTitle "playchess.com"]
[Source "ChessBase"]
[SourceQuality "1"]
[TimeControl "40/5400+30:1800+30"]

1. e4 e5 2. Nf3 Nf6 3. d4 Nxe4 4. Bd3 Nc6 5. dxe5 d5 6. exd6 Nxd6 7. O-O Be7 8. c3 h6 9. Qc2 O-O 10. h3 Be6 11. Bf4 Qd7 12. Nbd2 f5 13. Nb3 Bd5 14. Nbd4 Nxd4 15. Nxd4 c5 16. Bxd6 cxd4 17. Bxe7 Qxe7 18. Bxf5 dxc3 19. bxc3 Rae8 20. Rad1 Bc6 21. Bg6 Qg5 22. f4 Qc5+ 23. Qf2 Qxf2+ 24. Rxf2 Re3 25. c4 Be8 26. Bc2 Kf7 27. Rd4 Bc6 28. c5 Ke7 29. Ba4 Rd8 30. Rxd8 Kxd8 31. Bxc6 bxc6 32. f5 Ke7 33. Rb2 Kf6 34. Rd2 Ra3 35. Rd6+ Kxf5 36. Rxc6 Rxa2 37. Rc7 Kf6 38. c6 Rc2 39. Rxa7 Rxc6 1/2-1/2

[Event "Turkish Super League 2019"]
[Site "Konya"]
[Date "2019.07.18"]
[Round "2"]
[White "Gulbas, Cemil"]
[Black "Yaran, Siar"]
[Result "1/2-1/2"]
[ECO "E05"]
[WhiteElo "2380"]
[BlackElo "2197"]
[Annotator "NA"]
[PlyCount "89"]
[EventDate "2019.07.17"]
[EventType "team-tourn"]
[EventCountry "TUR"]
[SourceTitle "playchess.com"]
[Source "ChessBase"]
[SourceQuality "1"]
[TimeControl "40/5400+30:1800+30"]

1. Nf3 Nf6 2. c4 e6 3. g3 d5 4. Bg2 Be7 5. O-O O-O 6. d4 dxc4 7. Qc2 a6 8. Qxc4 b5 9. Qc2 Bb7 10. Bd2 Ra7 11. Rc1 Be4 12. Qb3 Nc6 13. e3 Qa8 14. Nc3 Bxf3 15. Bxf3 Nxd4 16. exd4 Qxf3 17. Nxb5 Qxb3 18. axb3 Rb7 19. Rxc7 Rxb5 20. Rxe7 Rxb3 21. Bc3 Ra8 22. Rc7 h6 23. Rc6 a5 24. Ra4 Nd5 25. Rc5 Kh7 26. Kf1 Kg6 27. Ke2 Rab8 28. Raxa5 Rxb2+ 29. Bxb2 Rxb2+ 30. Kf3 Rb3+ 31. Kg2 Rb4 32. Rxd5 exd5 33. Rxd5 Kf6 34. Kf3 Ke6 35. Ke4 Rb1 36. Re5+ Kd6 37. Ra5 Re1+ 38. Kf3 Rd1 39. Ke3 Re1+ 40. Kd2 Rb1 41. Ra7 Ke6 42. Ra6+ Kd5 43. Ra7 Ke6 44. Ra6+ Kd5 45. Ra7 1/2-1/2

[Event "Turkish Super League 2019"]
[Site "Konya"]
[Date "2019.07.18"]
[Round "2"]
[White "Arat, Ufuk Sezen"]
[Black "Quparadze, Giga"]
[Result "1/2-1/2"]
[ECO "E08"]
[WhiteElo "2376"]
[BlackElo "2499"]
[Annotator "ChessBase"]
[PlyCount "143"]
[EventDate "2019.07.17"]
[EventType "team-tourn"]
[EventCountry "TUR"]
[SourceTitle "playchess.com"]
[Source "ChessBase"]
[SourceQuality "1"]
[TimeControl "40/5400+30:1800+30"]

1. d4 Nf6 2. c4 e6 3. g3 d5 4. Bg2 Bb4+ 5. Bd2 Be7 6. Nf3 O-O 7. O-O c6 8. Qc2 a5 9. Bf4 Nbd7 10. Rd1 Nh5 11. Bc1 f5 12. b3 Nhf6 13. Ba3 Ne4 14. e3 Bxa3 15. Nxa3 Qe7 16. Qb2 Ndf6 17. Ne5 Bd7 18. Nc2 Be8 19. Ne1 Bh5 20. f3 Ng5 21. N1d3 Nd7 22. Nxd7 Qxd7 23. h4 Nf7 24. Nf4 g6 25. Qe2 Rae8 26. g4 fxg4 27. fxg4 e5 28. Nxd5 cxd5 29. gxh5 e4 30. hxg6 hxg6 31. cxd5 Nh6 32. Rf1 Qc7 33. Rxf8+ Rxf8 34. Rf1 Rxf1+ 35. Qxf1 Ng4 36. Qf4 Qc1+ 37. Bf1 Qxe3+ 38. Qxe3 Nxe3 39. Kf2 Nf5 40. Bh3 Nxh4 41. d6 Kf7 42. d7 Ke7 43. Ke3 Nf3 44. Bg4 Ng5 45. Kf4 Nh7 46. Ke5 e3 47. d5 Nf8 48. d6+ Kd8 49. Kd4 Nxd7 50. Kxe3 Nf6 51. Be6 Ne8 52. Kf4 Nxd6 53. Kg5 Ne4+ 54. Kxg6 Nc3 55. b4 axb4 56. Kf5 Kc7 57. Ke5 b5 58. Bb3 Kc6 59. Kd4 Ne2+ 60. Ke3 Ng3 61. Kd4 Nf5+ 62. Ke5 Ne7 63. Kd4 Kd6 64. Ke4 Kc5 65. Kd3 Nc6 66. Ke4 Na5 67. Kd3 Nc4 68. Ke4 Nd2+ 69. Kd3 Nxb3 70. axb3 Kd5 71. Ke3 Ke5 72. Kd3 1/2-1/2

[Event "Turkish Super League 2019"]
[Site "Konya"]
[Date "2019.07.18"]
[Round "2"]
[White "Can, Isik"]
[Black "Erdogan, Anil Berk"]
[Result "1-0"]
[ECO "B27"]
[WhiteElo "2374"]
[BlackElo "2116"]
[Annotator "NA"]
[PlyCount "87"]
[EventDate "2019.07.17"]
[EventType "team-tourn"]
[EventCountry "TUR"]
[SourceTitle "playchess.com"]
[Source "ChessBase"]
[SourceQuality "1"]
[TimeControl "40/5400+30:1800+30"]

1. e4 c5 2. Nf3 g6 3. c3 Bg7 4. d4 cxd4 5. cxd4 d5 6. exd5 Nf6 7. Bb5+ Nbd7 8. Nc3 O-O 9. Bxd7 Qxd7 10. Ne5 Qd6 11. Qf3 Qb4 12. O-O Qxd4 13. Re1 Bf5 14. Bg5 Rad8 15. Rad1 Qb4 16. Qe2 h6 17. Be3 Ne4 18. Bd4 Nxc3 19. bxc3 Qa4 20. c4 h5 21. Nf3 Rfe8 22. Bxg7 Kxg7 23. Nd4 Bc8 24. Nb5 e5 25. Nc7 e4 26. Nxe8+ Rxe8 27. d6 Bg4 28. Qb2+ Kh7 29. Rd4 Qa5 30. Qd2 Qxd2 31. Rxd2 Bd7 32. f3 f5 33. fxe4 fxe4 34. Rd4 Bc6 35. d7 Rd8 36. Red1 Kg7 37. Kf2 e3+ 38. Kxe3 Bxg2 39. Kf4 Kf7 40. Kg5 Bh3 41. Rd6 Bf5 42. c5 Ke7 43. Re1+ Kf7 44. Rf6+ 1-0

[Event "Turkish Super League 2019"]
[Site "Konya"]
[Date "2019.07.18"]
[Round "2"]
[White "Ozer, Omer Faruk"]
[Black "Sevgi, Volkan"]
[Result "1-0"]
[ECO "B13"]
[WhiteElo "2369"]
[BlackElo "2302"]
[Annotator "NA"]
[PlyCount "81"]
[EventDate "2019.07.17"]
[EventType "team-tourn"]
[EventCountry "TUR"]
[SourceTitle "playchess.com"]
[Source "ChessBase"]
[SourceQuality "1"]
[TimeControl "40/5400+30:1800+30"]

1. e4 c6 2. d4 d5 3. exd5 cxd5 4. Bd3 Nc6 5. c3 Nf6 6. Bf4 g6 7. Nf3 Bf5 8. Be2 Bg7 9. O-O O-O 10. Re1 a6 11. Nbd2 Ne4 12. Nh4 e6 13. Nxf5 gxf5 14. Nb3 Ne7 15. f3 Nd6 16. Bg5 h6 17. Bh4 Qc7 18. Bd3 Ng6 19. Bg3 Qe7 20. Nc5 f4 21. Bf2 Qg5 22. Qc2 Nh4 23. Bxh4 Qxh4 24. a4 Kh8 25. a5 Bf6 26. Qf2 Qh5 27. Qd2 Qg5 28. Ra4 Rg8 29. Rb4 Rg7 30. Nxb7 Nxb7 31. Rxb7 Rag8 32. Kh1 Qh4 33. Rf1 e5 34. dxe5 Bxe5 35. Bxa6 Qh5 36. Bd3 Bd6 37. a6 Bc5 38. Qxf4 Qh3 39. g4 Qh4 40. Rxf7 Bd6 41. Rxg7 1-0

[Event "Turkish Super League 2019"]
[Site "Konya"]
[Date "2019.07.18"]
[Round "2"]
[White "Tarlabasi, Emirhan"]
[Black "Keler, Faruk"]
[Result "1-0"]
[ECO "D35"]
[WhiteElo "2352"]
[BlackElo "2263"]
[Annotator "NA"]
[PlyCount "105"]
[EventDate "2019.07.17"]
[EventType "team-tourn"]
[EventCountry "TUR"]
[SourceTitle "playchess.com"]
[Source "ChessBase"]
[SourceQuality "1"]
[TimeControl "40/5400+30:1800+30"]

1. d4 d5 2. c4 e6 3. Nc3 Nf6 4. Nf3 Be7 5. Bf4 O-O 6. e3 c5 7. dxc5 Bxc5 8. cxd5 exd5 9. Bd3 Nc6 10. O-O Bg4 11. h3 Bh5 12. g4 Bg6 13. Bxg6 fxg6 14. Qb3 Bb4 15. Rad1 Bxc3 16. bxc3 Na5 17. Qb5 a6 18. Qd3 Nc4 19. Qd4 Ne4 20. Ne5 Rc8 21. Nxc4 Rxc4 22. Qxd5+ Qxd5 23. Rxd5 Nxc3 24. Rd2 h5 25. gxh5 gxh5 26. f3 Rf5 27. h4 Rd5 28. Rxd5 Nxd5 29. Bg5 Ra4 30. Rd1 Nc3 31. Rd8+ Kh7 32. Rd7 b5 33. Bf6 Ne2+ 34. Kf1 Rxa2 35. Rxg7+ Kh6 36. Rg2 Nc1 37. Bb2 b4 38. Bxc1 Ra1 39. Rc2 b3 40. Rc6+ Kh7 41. Ke2 a5 42. Kd3 Ra2 43. Rb6 a4 44. Rb4 Ra1 45. Bb2 Rb1 46. Kc3 Re1 47. Re4 Re2 48. Ba3 Rc2+ 49. Kd3 Rf2 50. Rxa4 Rxf3 51. Rb4 Rh3 52. Rb7+ Kg6 53. Be7 1-0

[Event "Turkish Super League 2019"]
[Site "Konya"]
[Date "2019.07.18"]
[Round "2"]
[White "Savina, Anastasia"]
[Black "Yildiz Kadioglu, Betul Cemre"]
[Result "1/2-1/2"]
[ECO "D27"]
[WhiteElo "2344"]
[BlackElo "2290"]
[Annotator "NA"]
[PlyCount "73"]
[EventDate "2019.07.17"]
[EventType "team-tourn"]
[EventCountry "TUR"]
[SourceTitle "playchess.com"]
[Source "ChessBase"]
[SourceQuality "1"]
[TimeControl "40/5400+30:1800+30"]

1. d4 d5 2. c4 dxc4 3. Nf3 Nf6 4. e3 e6 5. Bxc4 c5 6. O-O a6 7. Nc3 b5 8. Be2 Bb7 9. dxc5 Bxc5 10. Qxd8+ Kxd8 11. Nd2 Ke7 12. Nb3 Bd6 13. Na5 Ra7 14. Nxb7 Rxb7 15. a4 b4 16. Nb1 a5 17. Nd2 Nbd7 18. Nb3 Bc7 19. Bf3 Rbb8 20. Bd2 Bb6 21. Rfd1 Ne5 22. Be2 Rhd8 23. Rac1 Ne4 24. Kf1 Rbc8 25. Rxc8 Nxd2+ 26. Rxd2 Rxc8 27. Bb5 Rc7 28. Ke2 Ng4 29. h3 Nf6 30. Kd3 Rc8 31. Ke2 Rc7 32. Bd3 Nd7 33. Rc2 Nc5 34. Nxc5 Rxc5 35. Rxc5 Bxc5 36. f4 h6 37. Bc4 1/2-1/2

[Event "Turkish Super League 2019"]
[Site "Konya"]
[Date "2019.07.18"]
[Round "2"]
[White "Kamer, Kayra"]
[Black "Tanriverdi, Enes"]
[Result "1/2-1/2"]
[ECO "B22"]
[WhiteElo "2340"]
[BlackElo "2374"]
[Annotator "NA"]
[PlyCount "121"]
[EventDate "2019.07.17"]
[EventType "team-tourn"]
[EventCountry "TUR"]
[SourceTitle "playchess.com"]
[Source "ChessBase"]
[SourceQuality "1"]
[TimeControl "40/5400+30:1800+30"]

1. e4 c5 2. Nf3 e6 3. c3 Nf6 4. e5 Nd5 5. d4 cxd4 6. cxd4 d6 7. a3 Be7 8. Bd3 O-O 9. O-O dxe5 10. Nxe5 Nc6 11. Nxc6 bxc6 12. Qc2 h6 13. Qxc6 Rb8 14. Qc2 Bb7 15. Nc3 Bd6 16. Ne4 Bc7 17. Qe2 Ba8 18. Rd1 Qe7 19. Nc5 Rbd8 20. Qe4 Nf6 21. Qh4 Rd5 22. Ne4 Bd8 23. Nxf6+ Qxf6 24. Qxf6 Bxf6 25. Be3 Rfd8 26. Be4 Rb5 27. Bxa8 Rxa8 28. Rd2 Rab8 29. b4 a5 30. bxa5 Rxa5 31. Rd3 Ra4 32. Kf1 Rb2 33. Rc1 Ra2 34. Rc8+ Kh7 35. Rcc3 g5 36. g4 Kg6 37. h3 h5 38. Rb3 Ra1+ 39. Kg2 hxg4 40. hxg4 Be7 41. Rb6 R1xa3 42. Rxa3 Bxa3 43. d5 Rxg4+ 44. Kf3 Rg1 45. Ke2 Bc1 46. Rb1 Bxe3 47. Rxg1 Bf4 48. Rd1 exd5 49. Rxd5 f6 50. Kf3 Kh5 51. Ke4 Kg4 52. Rf5 Be5 53. Rf3 Bf4 54. Rb3 f5+ 55. Kd5 Bd2 56. Ke5 f4 57. f3+ Kg3 58. Kf5 Be3 59. Ke4 g4 60. fxg4 Kxg4 61. Rxe3 1/2-1/2

[Event "Turkish Super League 2019"]
[Site "Konya"]
[Date "2019.07.18"]
[Round "2"]
[White "Secer, Ata"]
[Black "Firat, Burak"]
[Result "0-1"]
[ECO "B51"]
[WhiteElo "2324"]
[BlackElo "2463"]
[Annotator "ChessBase"]
[PlyCount "100"]
[EventDate "2019.07.17"]
[EventType "team-tourn"]
[EventCountry "TUR"]
[SourceTitle "playchess.com"]
[Source "ChessBase"]
[SourceQuality "1"]
[TimeControl "40/5400+30:1800+30"]

1. e4 c5 2. Nf3 d6 3. Bb5+ Nd7 4. d4 cxd4 5. Qxd4 a6 6. Bxd7+ Bxd7 7. O-O Nf6 8. c4 g6 9. Nc3 Bg7 10. Be3 O-O 11. Qd3 b5 12. cxb5 axb5 13. Bd4 e5 14. Be3 b4 15. Nd5 Nxd5 16. Qxd5 Be6 17. Qd2 Bxa2 18. Qxb4 Qb8 19. Qd2 d5 20. exd5 Rd8 21. Qe2 Bxd5 22. Rxa8 Bxa8 23. Rd1 Rxd1+ 24. Qxd1 e4 25. Nd4 Qxb2 26. Ne2 Qa1 27. Qxa1 Bxa1 28. Bd4 Bxd4 29. Nxd4 Kg7 30. f3 exf3 31. gxf3 Kf6 32. Kf2 Ke5 33. Ne2 Bd5 34. Ke3 Bc4 35. Ng3 g5 36. Nh5 Kf5 37. Ng3+ Kg6 38. f4 g4 39. f5+ Kg5 40. Ne4+ Kh4 41. Kf4 h5 42. Ng3 Bd3 43. Ke3 Bc2 44. Kf4 Bb1 45. Nf1 Kh3 46. Ng3 h4 47. Nf1 Bd3 48. Ne3 Be2 49. Kg5 g3 50. hxg3 Kxg3 0-1

[Event "Turkish Super League 2019"]
[Site "Konya"]
[Date "2019.07.18"]
[Round "2"]
[White "Maltsevskaya, Aleksandra"]
[Black "Injac, Teodora"]
[Result "1-0"]
[ECO "E73"]
[WhiteElo "2294"]
[BlackElo "2305"]
[Annotator "NA"]
[PlyCount "81"]
[EventDate "2019.07.17"]
[EventType "team-tourn"]
[EventCountry "TUR"]
[SourceTitle "playchess.com"]
[Source "ChessBase"]
[SourceQuality "1"]
[TimeControl "40/5400+30:1800+30"]

1. d4 Nf6 2. c4 g6 3. Nc3 Bg7 4. e4 d6 5. Be2 O-O 6. Be3 c5 7. d5 a6 8. Nf3 b5 9. Qc2 bxc4 10. h3 Nbd7 11. Bxc4 Nb6 12. Be2 a5 13. O-O a4 14. Rfd1 Nfd7 15. Bb5 a3 16. b3 Ba6 17. Bc6 Ra7 18. Rab1 Nb8 19. e5 Nxc6 20. dxc6 Qc7 21. exd6 exd6 22. Ne4 Nc8 23. Nxd6 Qxc6 24. Nxc8 Rxc8 25. b4 Re7 26. bxc5 Ree8 27. Qb3 h6 28. Rd6 Qa8 29. Rxg6 Rb8 30. Rxg7+ Kxg7 31. Qc3+ Kh7 32. Rxb8 Qxb8 33. Nh4 Qb1+ 34. Kh2 Qxa2 35. Bxh6 Qb2 36. Qf3 Kxh6 37. Qxf7 Qe5+ 38. f4 Qe6 39. Nf5+ Qxf5 40. Qxf5 Bc4 41. Qg5+ 1-0

[Event "Turkish Super League 2019"]
[Site "Konya"]
[Date "2019.07.18"]
[Round "2"]
[White "Dogan, Nazmi Can"]
[Black "Unat, Can Haktan"]
[Result "1/2-1/2"]
[ECO "A16"]
[WhiteElo "2276"]
[BlackElo "2034"]
[Annotator "NA"]
[PlyCount "90"]
[EventDate "2019.07.17"]
[EventType "team-tourn"]
[EventCountry "TUR"]
[SourceTitle "playchess.com"]
[Source "ChessBase"]
[SourceQuality "1"]
[TimeControl "40/5400+30:1800+30"]

1. Nf3 Nf6 2. c4 g6 3. Nc3 d5 4. cxd5 Nxd5 5. e4 Nxc3 6. dxc3 Qxd1+ 7. Kxd1 f6 8. Kc2 e5 9. Bc4 Bd6 10. Be3 Ke7 11. Nd2 Nd7 12. b4 Rd8 13. Nb3 Nb6 14. Be2 Be6 15. Na5 Rab8 16. a3 c6 17. h4 h5 18. Rad1 Bc7 19. Rxd8 Kxd8 20. g4 hxg4 21. h5 g5 22. Nxb7+ Ke7 23. Nc5 Nc4 24. Bc1 Bf7 25. Bxg4 Bd6 26. Nb3 Nb6 27. Na5 Be8 28. c4 c5 29. b5 Ra8 30. Bf5 Bf7 31. Kc3 a6 32. h6 axb5 33. cxb5 Kf8 34. Nc6 Na4+ 35. Kc2 Nb6 36. Rh3 Bc4 37. h7 Kg7 38. Na5 Bxb5 39. Nb7 Be7 40. Be3 Na4 41. Rh1 Rb8 42. Na5 Rd8 43. Nb7 Rb8 44. Na5 Rd8 45. Nb7 Rb8 1/2-1/2

[Event "Turkish Super League 2019"]
[Site "Konya"]
[Date "2019.07.18"]
[Round "2"]
[White "Samani, Yamac"]
[Black "Gunduz, Umut Erdem"]
[Result "1-0"]
[ECO "B15"]
[WhiteElo "2266"]
[BlackElo "2261"]
[Annotator "NA"]
[PlyCount "68"]
[EventDate "2019.07.17"]
[EventType "team-tourn"]
[EventCountry "TUR"]
[SourceTitle "playchess.com"]
[Source "ChessBase"]
[SourceQuality "1"]
[TimeControl "40/5400+30:1800+30"]

1. e4 c6 2. d4 d5 3. Nc3 dxe4 4. Nxe4 Nf6 5. Nxf6+ exf6 6. c3 Bd6 7. Bd3 O-O 8. Qc2 Re8+ 9. Ne2 g6 10. Be3 Be6 11. h4 f5 12. h5 Qf6 13. hxg6 fxg6 14. O-O-O f4 15. Bd2 Nd7 16. Rh6 Nf8 17. Rdh1 Bd5 18. R1h4 f3 19. gxf3 Bxf3 20. Ng3 Qf7 21. Rxh7 Nxh7 22. Bxg6 Qf6 23. Bxh7+ Kf8 24. Nf5 Bc7 25. Rh6 Qf7 26. Bg6 Qg8 27. Qd3 Bg4 28. Bxe8 Kxe8 29. Qe4+ Kd7 30. Qe7+ Kc8 31. Rf6 Qd8 32. Rf8 Bxf5 33. Qf7 Bd7 34. Bg5 b6 1-0

[Event "Turkish Super League 2019"]
[Site "Konya"]
[Date "2019.07.18"]
[Round "2"]
[White "Aydin, Hakan Arda"]
[Black "Dolgun, Can"]
[Result "1/2-1/2"]
[ECO "D00"]
[WhiteElo "1956"]
[BlackElo "2064"]
[Annotator "NA"]
[PlyCount "61"]
[EventDate "2019.07.17"]
[EventType "team-tourn"]
[EventCountry "TUR"]
[SourceTitle "playchess.com"]
[Source "ChessBase"]
[SourceQuality "1"]
[TimeControl "40/5400+30:1800+30"]

1. d4 Nf6 2. Bg5 d5 3. Bxf6 exf6 4. e3 Be6 5. Nf3 Bd6 6. c4 dxc4 7. Nc3 c6 8. e4 O-O 9. Be2 Bb4 10. O-O Bxc3 11. bxc3 b5 12. Qc2 Qc8 13. Nh4 Nd7 14. f4 f5 15. d5 cxd5 16. exf5 d4 17. fxe6 d3 18. Bxd3 cxd3 19. exd7 dxc2 20. dxc8=Q Raxc8 21. Rac1 Rxc3 22. Rf2 Rfc8 23. Nf5 Kf8 24. Nd6 Rd8 25. Nxb5 Rc5 26. Na3 Rd1+ 27. Rf1 Rd2 28. h3 a6 29. Rf2 Rd1+ 30. Rf1 Rd2 31. Rf2 1/2-1/2

[Event "Turkish Super League 2019"]
[Site "Konya"]
[Date "2019.07.18"]
[Round "2"]
[White "Ayan, Bengu Sena"]
[Black "Tezcan, Emre"]
[Result "1/2-1/2"]
[ECO "E08"]
[WhiteElo "1885"]
[BlackElo "2082"]
[Annotator "NA"]
[PlyCount "176"]
[EventDate "2019.07.17"]
[EventType "team-tourn"]
[EventCountry "TUR"]
[SourceTitle "playchess.com"]
[Source "ChessBase"]
[SourceQuality "1"]
[TimeControl "40/5400+30:1800+30"]

1. d4 Nf6 2. c4 e6 3. Nf3 d5 4. g3 Be7 5. Bg2 O-O 6. O-O Nbd7 7. Qc2 Ne4 8. Nc3 Nxc3 9. Qxc3 Nf6 10. Nd2 Bd7 11. e4 dxe4 12. Nxe4 Bc6 13. Qd3 Nxe4 14. Bxe4 Bxe4 15. Qxe4 c6 16. Rd1 Qd7 17. Be3 Rfd8 18. Rd2 Qc7 19. Rad1 Bf6 20. Bf4 Qa5 21. a3 Qa4 22. Qe2 Qb3 23. Be5 Be7 24. Rc1 Rd7 25. Rc3 Qb6 26. Qg4 g6 27. Rcd3 Rad8 28. h4 Bf8 29. Bf6 Re8 30. h5 Bg7 31. Qh4 Bxf6 32. Qxf6 Qd8 33. Qe5 f6 34. Qe2 Kf7 35. Qf3 Qa5 36. hxg6+ hxg6 37. d5 exd5 38. cxd5 cxd5 39. Rxd5 Rxd5 40. Rxd5 Qe1+ 41. Kg2 Rh8 42. Rd7+ Ke8 43. Rd8+ Kxd8 44. Qxf6+ Kc7 45. Qxh8 Qe4+ 46. Kh2 Kb6 47. Qf6+ Ka5 48. Qd8+ b6 49. Qd7 Ka6 50. Qc8+ Kb5 51. Qd7+ Ka6 52. Qd2 Kb5 53. Qe3 Qc2 54. Qd4 a5 55. Kh3 Qe2 56. Kg2 g5 57. a4+ Kc6 58. Qf6+ Kc7 59. Qf7+ Kd6 60. Qf6+ Kc7 61. Qxg5 Qxb2 62. Qf4+ Kc6 63. Qc4+ Kd6 64. g4 Qb4 65. Qd3+ Kc7 66. Qc2+ Kb7 67. f3 b5 68. axb5 Qxb5 69. Qe4+ Qc6 70. Qe7+ Qc7 71. Qe4+ Qc6 72. Qh7+ Qc7 73. Qf5 Kb6 74. g5 a4 75. Qf6+ Qc6 76. Qd4+ Qc5 77. Qxa4 Qxg5+ 78. Kf2 Kc7 79. Qd4 Kc6 80. f4 Qh4+ 81. Kf3 Qh3+ 82. Ke4 Qh7+ 83. f5 Qh4+ 84. Ke5 Qxd4+ 85. Kxd4 Kd6 86. Ke4 Ke7 87. Ke5 Kf7 88. f6 Kf8 1/2-1/2

[Event "Turkish Super League 2019"]
[Site "Konya"]
[Date "2019.07.19"]
[Round "3"]
[White "Heberla, Bartlomiej"]
[Black "Arat, Ufuk Sezen"]
[Result "1-0"]
[ECO "C42"]
[WhiteElo "2534"]
[BlackElo "2376"]
[Annotator "ChessBase"]
[PlyCount "69"]
[EventDate "2019.07.17"]
[EventType "team-tourn"]
[EventCountry "TUR"]
[SourceTitle "playchess.com"]
[Source "ChessBase"]
[SourceQuality "1"]
[TimeControl "40/5400+30:1800+30"]

1. e4 e5 2. Nf3 Nf6 3. Nxe5 d6 4. Nd3 Nxe4 5. Qe2 Qe7 6. Nf4 c6 7. c4 Na6 8. d4 Nb4 9. a3 Na6 10. Be3 g6 11. f3 Nf6 12. Qf2 Bh6 13. Kd2 O-O 14. Nc3 d5 15. Nfxd5 Bxe3+ 16. Qxe3 Qd8 17. Nxf6+ Qxf6 18. Rd1 Bf5 19. g4 Rfe8 20. Qf4 Qh4 21. Kc1 Rad8 22. c5 Nb8 23. Bc4 Nd7 24. Ne4 Be6 25. Bxe6 Rxe6 26. d5 cxd5 27. Rxd5 Nf8 28. Rxd8 Qxd8 29. Rd1 Qe7 30. g5 Re5 31. Kb1 Rf5 32. Qd6 Re5 33. Qd4 Rf5 34. Nf6+ Kh8 35. Ng4+ 1-0

[Event "Turkish Super League 2019"]
[Site "Konya"]
[Date "2019.07.19"]
[Round "3"]
[White "Rasulov, Vugar"]
[Black "Mchedlishvili, Mikheil"]
[Result "0-1"]
[ECO "D80"]
[WhiteElo "2534"]
[BlackElo "2571"]
[Annotator "ChessBase"]
[PlyCount "120"]
[EventDate "2019.07.17"]
[EventType "team-tourn"]
[EventCountry "TUR"]
[SourceTitle "playchess.com"]
[Source "ChessBase"]
[SourceQuality "1"]
[TimeControl "40/5400+30:1800+30"]

1. d4 Nf6 2. c4 g6 3. Nc3 d5 4. Bg5 Ne4 5. Bh4 Nxc3 6. bxc3 dxc4 7. e3 Be6 8. Qb1 c5 9. Nf3 Qa5 10. Qb2 Bg7 11. Be2 cxd4 12. exd4 Bd5 13. O-O Nd7 14. a4 e6 15. Nd2 Rc8 16. Rfc1 O-O 17. Nf1 e5 18. Ne3 exd4 19. cxd4 c3 20. Qb5 Qxb5 21. axb5 Be4 22. Nc4 Ra8 23. Bg3 g5 24. Kf1 Nb6 25. Nd6 Bg6 26. Be5 c2 27. Bf3 Bd3+ 28. Be2 Bg6 29. Bf3 Bxe5 30. dxe5 Nd7 31. Bxb7 Bd3+ 32. Kg1 Rad8 33. Ne4 h6 34. h4 Nxe5 35. hxg5 hxg5 36. Nxg5 Rd7 37. Bc6 Nxc6 38. bxc6 Rc7 39. Nf3 Rd8 40. Ne5 Bh7 41. Kh2 Rd5 42. f4 a5 43. Ra2 Kg7 44. Raxc2 Bxc2 45. Rxc2 f6 46. Nf3 Kf7 47. Rc4 Rb5 48. Kg3 Rb4 49. Rc5 a4 50. Nd2 Ke6 51. Nc4 a3 52. f5+ Ke7 53. Ne3 Ra4 54. Rc1 Ra5 55. Nc4 Ra6 56. Re1+ Kf8 57. Nd6 a2 58. Re8+ Kg7 59. Re1 Rcxc6 60. Re7+ Kh6 0-1

[Event "Turkish Super League 2019"]
[Site "Konya"]
[Date "2019.07.19"]
[Round "3"]
[White "Ali Marandi, Cemil Can"]
[Black "Ozer, Omer Faruk"]
[Result "1-0"]
[ECO "A45"]
[WhiteElo "2527"]
[BlackElo "2369"]
[Annotator "ChessBase"]
[PlyCount "81"]
[EventDate "2019.07.17"]
[EventType "team-tourn"]
[EventCountry "TUR"]
[SourceTitle "playchess.com"]
[Source "ChessBase"]
[SourceQuality "1"]
[TimeControl "40/5400+30:1800+30"]

1. d4 Nf6 2. Bg5 Ne4 3. h4 d5 4. Nd2 Bf5 5. Nxe4 Bxe4 6. f3 h6 7. Bf4 Bh7 8. e3 e6 9. Bd3 Bxd3 10. Qxd3 Nc6 11. O-O-O Qd7 12. Kb1 Bd6 13. Ne2 O-O-O 14. Bxd6 cxd6 15. e4 Kb8 16. Nc3 dxe4 17. fxe4 g6 18. Rhf1 Qe7 19. Qg3 a6 20. Qf2 f5 21. d5 Ne5 22. dxe6 fxe4 23. Qf6 Rhe8 24. Qxe7 Rxe7 25. Rf6 Rde8 26. Nxe4 Rxe6 27. Rxe6 Rxe6 28. Nxd6 Ng4 29. Nc4 Re2 30. g3 Nf2 31. Rf1 Ne4 32. a4 b5 33. axb5 axb5 34. Rf8+ Kc7 35. Na3 b4 36. Nb5+ Kb6 37. Nd4 Rg2 38. Rb8+ Kc5 39. Nb3+ Kc4 40. Re8 Nxg3 41. Re5 1-0

[Event "Turkish Super League 2019"]
[Site "Konya"]
[Date "2019.07.19"]
[Round "3"]
[White "Visakh N R"]
[Black "Esen, Baris"]
[Result "1/2-1/2"]
[ECO "B53"]
[WhiteElo "2526"]
[BlackElo "2478"]
[Annotator "ChessBase"]
[PlyCount "118"]
[EventDate "2019.07.17"]
[EventType "team-tourn"]
[EventCountry "TUR"]
[SourceTitle "playchess.com"]
[Source "ChessBase"]
[SourceQuality "1"]
[TimeControl "40/5400+30:1800+30"]

1. e4 c5 2. Nf3 d6 3. d4 cxd4 4. Qxd4 a6 5. c4 Nc6 6. Qe3 g6 7. h3 Bg7 8. Be2 Nf6 9. O-O Nd7 10. Nc3 O-O 11. Rb1 b6 12. b3 Bb7 13. Bb2 Rb8 14. Rfd1 Ba8 15. Ba1 Re8 16. Rd2 Nce5 17. Nh2 Qc8 18. f4 Nc6 19. Bg4 Qb7 20. Bxd7 Qxd7 21. Nd5 f6 22. Nxb6 Qa7 23. Nd5 Qxe3+ 24. Nxe3 Na5 25. e5 dxe5 26. fxe5 fxe5 27. Re1 Nc6 28. Nd5 Nd4 29. Nc7 Red8 30. Nxa6 Rbc8 31. Nb4 e4 32. Rf2 Bh6 33. Nf1 Bg5 34. Nd5 Bxd5 35. Bxd4 Bxc4 36. Be3 Bh4 37. bxc4 Bxf2+ 38. Bxf2 Rxc4 39. Ne3 Ra4 40. Re2 Rda8 41. Nd5 Rxa2 42. Rxe4 Rd2 43. Nxe7+ Kf7 44. Nc6 Raa2 45. Ne5+ Kg8 46. Rf4 Rd8 47. Ng4 h5 48. Nf6+ Kg7 49. Kh2 Ra6 50. Bd4 Kh6 51. Bc5 Re6 52. Rf2 Kg7 53. Ba3 Rxf6 54. Bb2 Rdd6 55. Kg3 g5 56. h4 Kg6 57. Rxf6+ Rxf6 58. Bxf6 Kxf6 59. hxg5+ Kxg5 1/2-1/2

[Event "Turkish Super League 2019"]
[Site "Konya"]
[Date "2019.07.19"]
[Round "3"]
[White "Asadli, Vugar"]
[Black "Can, Emre"]
[Result "1/2-1/2"]
[ECO "B97"]
[WhiteElo "2502"]
[BlackElo "2595"]
[Annotator "ChessBase"]
[PlyCount "67"]
[EventDate "2019.07.17"]
[EventType "team-tourn"]
[EventCountry "TUR"]
[SourceTitle "playchess.com"]
[Source "ChessBase"]
[SourceQuality "1"]
[TimeControl "40/5400+30:1800+30"]

1. e4 c5 2. Nf3 d6 3. d4 cxd4 4. Nxd4 Nf6 5. Nc3 a6 6. Bg5 e6 7. f4 Qb6 8. Qd3 Qxb2 9. Rb1 Qa3 10. f5 Qa5 11. Be2 Nc6 12. Bxf6 gxf6 13. fxe6 fxe6 14. Nxc6 bxc6 15. O-O Be7 16. Bg4 O-O 17. Kh1 Kh8 18. Ne2 f5 19. exf5 exf5 20. Bf3 Qc5 21. Nd4 Bf6 22. Rfd1 Bxd4 23. Qxd4+ Qxd4 24. Rxd4 Be6 25. Rxd6 Bxa2 26. Ra1 Bc4 27. Kg1 Kg7 28. Rd4 Be6 29. Rd6 Bc4 30. Rd4 Be6 31. Bxc6 Ra7 32. Rd6 Rf6 33. Bb5 Bc8 34. Rd8 1/2-1/2

[Event "Turkish Super League 2019"]
[Site "Konya"]
[Date "2019.07.19"]
[Round "3"]
[White "Benidze, Davit"]
[Black "Dastan, Muhammed Batuhan"]
[Result "1/2-1/2"]
[ECO "A07"]
[WhiteElo "2469"]
[BlackElo "2565"]
[Annotator "ChessBase"]
[PlyCount "65"]
[EventDate "2019.07.17"]
[EventType "team-tourn"]
[EventCountry "TUR"]
[SourceTitle "playchess.com"]
[Source "ChessBase"]
[SourceQuality "1"]
[TimeControl "40/5400+30:1800+30"]

1. g3 g6 2. Bg2 Bg7 3. Nf3 d5 4. O-O e5 5. d3 Nc6 6. e4 dxe4 7. dxe4 Qxd1 8. Rxd1 Bg4 9. c3 Nf6 10. h3 Be6 11. Ng5 Bd7 12. Nd2 h6 13. Ngf3 Be6 14. b4 a5 15. b5 Na7 16. b6 cxb6 17. Nxe5 O-O-O 18. Re1 Nc6 19. Nxc6 bxc6 20. e5 Nd7 21. f4 Nc5 22. Bxc6 Nd3 23. Re2 Bxh3 24. Ba3 Bg4 25. Bf3 Bxf3 26. Nxf3 Nc5 27. Nd4 Na4 28. Nb5 Kd7 29. Nd6 Bf8 30. c4 Bxd6 31. Bxd6 Rc8 32. Rc1 h5 33. Rd2 1/2-1/2